[Event "*** Titled Tuesday Blitz"]
[Site "Chess.com"]
[Date "2020.11.24"]
[Round "7"]
[White "Zhigalko_Sergei"]
[Black "FMJoseHerrera"]
[Result "1-0"]
[WhiteElo "2891"]
[BlackElo "2583"]
[TimeControl "180+1"]
[EndTime "11:32:25 PST"]
[Termination "Zhigalko_Sergei won by resignation"]

1. e4 c5 2. Nf3 e6 3. c3 Qa5 4.
Be2 a6 5. O-O b5 6. d4 Bb7 7. dxc5 Bxe4 8. b4 Qc7 9. a4 bxa4 10. Nbd2 Bb7 11. Nc4 Nf6 12. Nfe5 Nc6 13. Bf4 Nd5 14. Qd2 Nxf4 15. Qxf4 f6 16. Bh5+ Ke7 17.
Ng6+ 1-0

[Event "*** Titled Tuesday Blitz"]
[Site "Chess.com"]
[Date "2020.11.24"]
[Round "7"]
[White "Ajedrez_con_German"]
[Black "zaur-mammadov"]
[Result "0-1"]
[WhiteElo "2496"]
[BlackElo "2658"]
[TimeControl "180+1"]
[EndTime "11:32:28 PST"]
[Termination "zaur-mammadov won on time"]

1. Nf3 d5 2. e3 Nf6 3. c4 dxc4 4.
Bxc4 c5 5. O-O e6 6. b3 Nc6 7.
Bb2 Be7 8. d4 cxd4 9. Nxd4 Nxd4 10.
Qxd4 Qxd4 11. Bxd4 a6 12. Be2 O-O 13. Nd2 b5 14. a4 bxa4 15. Rxa4 Bb7 16. Rfa1 Rfc8 17.
Bxa6 Bxa6 18. Rxa6 Rxa6 19. Rxa6 Rc1+ 20. Nf1 h5 21. Ra1 Rc8 22. Bxf6 Bxf6 23. Rb1 g6 0-1

[Event "*** Titled Tuesday Blitz"]
[Site "Chess.com"]
[Date "2020.11.24"]
[Round "7"]
[White "PIwan"]
[Black "MillyNeuf"]
[Result "1-0"]
[WhiteElo "2549"]
[BlackElo "2389"]
[TimeControl "180+1"]
[EndTime "11:32:32 PST"]
[Termination "PIwan won by resignation"]

1. c4 Nf6 2. Nc3 e6 3. e4 d5 4. e5 d4 5. exf6 dxc3 6. bxc3 Qxf6 7. Nf3 b6 8. d4 h6 9. Bd3 Bb7 10. Qe2 Nd7 11. Be4 Bxe4 12. Qxe4 Qd8 13. O-O Nf6 14. Qc6+ Nd7 15. Ne5 Rc8 16. c5 Be7 17. Qa4 bxc5 18. d5 Bd6 19. dxe6 fxe6 20. Ng6 Kf7 21. Nxh8+ Qxh8 22. Qxd7+ 1-0

[Event "*** Titled Tuesday Blitz"]
[Site "Chess.com"]
[Date "2020.11.24"]
[Round "7"]
[White "Kotofeyca"]
[Black "Anna_ChessMate"]
[Result "1-0"]
[WhiteElo "2426"]
[BlackElo "2570"]
[TimeControl "180+1"]
[EndTime "11:32:33 PST"]
[Termination "Kotofeyca won by resignation"]

1. d4 d5 2. c4 c6 3. Nc3 Nf6 4. cxd5 cxd5 5. Bf4 Nc6 6. e3 Bf5 7. Bb5 e6 8. Qa4 Rc8 9. Qxa7 Bb4 10. Qxb7 O-O 11. Bxc6 Bxc3+ 12. bxc3 Qa5 13. Ne2 Bd3 14.
Bd6 Bxe2 15. Bb4 Qa6 16. Bxf8 Kxf8 17. Qb4+ Kg8 18. Bb7 Qd3 19. Bxc8 Bg4 20. Ba6 1-0

[Event "*** Titled Tuesday Blitz"]
[Site "Chess.com"]
[Date "2020.11.24"]
[Round "7"]
[White "UCantHandleDenker"]
[Black "Julianos82"]
[Result "1-0"]
[WhiteElo "2527"]
[BlackElo "2338"]
[TimeControl "180+1"]
[EndTime "11:32:34 PST"]
[Termination "UCantHandleDenker won by resignation"]

1. Nf3 d5 2. d4 c6 3. g3 Bg4 4. Bg2 Nd7 5. O-O e6 6. c4 Bxf3 7. Bxf3 f5 8. Qc2 Qf6 9. e3 Bd6 10. Nc3 Ne7 11. Rb1 h5 12. b4 h4 13. b5 Kf7 14. bxc6 bxc6 15. Rb7 Rad8 16. Bb2 Qh6 17.
Qe2 Nf6 18. Rxa7 Kg6 19. c5 Ne4 20. Bxe4 Bxg3 21. fxg3 fxe4 22. Rxe7 hxg3 23. Rxe6+ 1-0

[Event "*** Titled Tuesday Blitz"]
[Site "Chess.com"]
[Date "2020.11.24"]
[Round "7"]
[White "EdmundPlayer"]
[Black "Agoking701"]
[Result "0-1"]
[WhiteElo "2145"]
[BlackElo "2349"]
[TimeControl "180+1"]
[EndTime "11:32:35 PST"]
[Termination "Agoking701 won by resignation"]

1. e4 d6 2. d4 Nf6 3. Nc3 Nbd7 4. Nge2 e5 5. g3 Be7 6. Bg2 O-O 7. Be3 Re8 8. h3 Bf8 9. O-O c6 10. f4 Qc7 11. Qd2 b5 12. Rae1 a5 13. g4 b4 14. Nd1 exd4 15. Qxd4 Nc5 16. Nf2 d5 17. Ng3 Ba6 18. Nd3 Nfxe4 19. Nxc5 Bxc5 20. Qxc5 Nxc5 21. Bxc5 Bxf1 22. Rxe8+ Rxe8 23. Nxf1 0-1

[Event "*** Titled Tuesday Blitz"]
[Site "Chess.com"]
[Date "2020.11.24"]
[Round "7"]
[White "LPSupi"]
[Black "kasparicy"]
[Result "1-0"]
[WhiteElo "2913"]
[BlackElo "2399"]
[TimeControl "180+1"]
[EndTime "11:32:38 PST"]
[Termination "LPSupi won by resignation"]

1. e4 c5 2. Nf3 d6 3. d4 cxd4 4. Nxd4 Nf6 5. Nc3 a6 6. h3 e6 7. g4 b5 8. g5 Nfd7 9. a3 Bb7 10. Be3 Be7 11. h4 Nc6 12. Qd2 Na5 13. h5 Rc8 14.
Rh3 Ne5 15. b3 Rxc3 16. Qxc3 Bxe4 17. h6 g6 18. f4 O-O 19. fxe5 dxe5 20. Nf3 b4 21.
Qxe5 1-0

[Event "*** Titled Tuesday Blitz"]
[Site "Chess.com"]
[Date "2020.11.24"]
[Round "7"]
[White "A-S-00"]
[Black "Road2GM3000"]
[Result "1-0"]
[WhiteElo "2308"]
[BlackElo "2024"]
[TimeControl "180+1"]
[EndTime "11:32:46 PST"]
[Termination "A-S-00 won by resignation"]

1. e4 c5 2. Nf3 d6 3. d4 cxd4 4. Nxd4 Nf6 5. Nc3 a6 6. g3 e5 7. Nb3 Be7 8. Bg2 O-O 9. O-O b5 10.
a3 Bb7 11. f4 Nbd7 12. Be3 Nb6 13. Na5 Qc7 14. Nxb7 Qxb7 15. Qe2 Nc4 16. Bc1 Rac8 17.
Kh1 Qc7 18. Nd1 Rfd8 19. b3 Nb6 20. Ne3 d5 21. exd5 exf4 22. Nf5 Bf8 23. Bxf4 Qxc2 24. Qxc2 Rxc2 25. d6 Nbd5 26. Bg5 Bxd6 27. Bxd5 Bxg3 28.
hxg3 Rxd5 29. Ne7+ Kf8 30. Nxd5 Nxd5 1-0

[Event "*** Titled Tuesday Blitz"]
[Site "Chess.com"]
[Date "2020.11.24"]
[Round "7"]
[White "kingofthenil"]
[Black "IrishMonkey"]
[Result "1-0"]
[WhiteElo "2769"]
[BlackElo "2565"]
[TimeControl "180+1"]
[EndTime "11:32:47 PST"]
[Termination "kingofthenil won by resignation"]

1. e4 c5 2. d3 g6 3. g3 Bg7 4. Bg2 Nc6 5. f4 d6 6. Nf3 e6 7. O-O Nge7 8. c3 O-O 9. Be3 b6 10. d4 Ba6 11. Re1 Qd7 12. Qd2 cxd4 13. cxd4 Rac8 14. Na3 Nd8 15. b3 Nb7 16. Bf2 Nc6 17. Rad1 d5 18. e5 Rfd8 19. g4 f5 20. exf6 Bxf6 21. Nc2 Rf8 22. Ne3 Kh8 23. g5 Bg7 24. Ng4 Nbd8 25. Nf6 Bxf6 26. gxf6 Qf7 27. Bh4 Nb7 28. Ng5 Qd7 29. Nxe6 Rf7 30. Bh3 Qe8 31. Ng5 Rcc7 32. Rxe8+ 1-0

[Event "*** Titled Tuesday Blitz"]
[Site "Chess.com"]
[Date "2020.11.24"]
[Round "7"]
[White "Savagelittlemole"]
[Black "romulocardoso"]
[Result "1-0"]
[WhiteElo "2560"]
[BlackElo "2140"]
[TimeControl "180+1"]
[EndTime "11:32:48 PST"]
[Termination "Savagelittlemole won by checkmate"]

1. e4 c5 2. Ne2 d6 3. g3 Nf6 4.
Bg2 g6 5. O-O Bg7 6. c3 O-O 7.
d4 cxd4 8. cxd4 Nbd7 9. Nbc3 e5 10. h3 b6 11. Be3 Bb7 12. d5 Rc8 13. Rc1 Nc5 14.
b4 Ncd7 15. Nb5 Qe7 16. Nxa7 Ra8 17. Nb5 Rxa2 18. Rc7 Ba6 19. Nec3 Rb2 20. Qa4 Ra8 21. Qa3 Ne8 22. Qxb2 Nxc7 23. Nxc7 Bxf1 24. Nxa8 Bxg2 25. Kxg2 Qd8 26. Qa3 Qb8 27. Qa6 f5 28. Nxb6 Nxb6 29. Qxb6 Qf8 30. Qc7 f4 31. Ba7 g5 32.
Qb8 h5 33. b5 g4 34. hxg4 hxg4 35. gxf4 exf4 36. Na4 Kh7 37. Qxf8 Bxf8 38. b6 Bg7 39. b7 f3+ 40. Kf1 Bd4 41. b8=Q g3 42. Bxd4 g2+ 43. Kg1 Kg6 44. Qxd6+ Kg5 45. Qf6+ Kg4 46.
Qf5+ Kh4 47. Bf6# 1-0

[Event "*** Titled Tuesday Blitz"]
[Site "Chess.com"]
[Date "2020.11.24"]
[Round "7"]
[White "halldorgretar"]
[Black "akanga001"]
[Result "1-0"]
[WhiteElo "2166"]
[BlackElo "1937"]
[TimeControl "180+1"]
[EndTime "11:32:48 PST"]
[Termination "halldorgretar won by resignation"]

1. d4 Nf6 2. c4 b6 3. Nf3 Bb7 4. g3 d6 5. Bg2 Ne4 6. O-O Nd7 7.
Ng5 Ndf6 8. Nxe4 Bxe4 9. f3 Bb7 10. e4 e6 11. Nc3 Be7 12. Bg5 h6 13. Be3 O-O 14.
Qc2 a6 15. Rad1 Qc8 16. f4 Ng4 17. Bc1 f5 18. exf5 exf5 19. Nd5 Bf6 20. h3 Re8 21. hxg4 fxg4 22. Nxf6+ gxf6 23. Qg6+ Kf8 24. Qxf6+ Kg8 25. Qg6+ Kf8 26. f5 Bxg2 27. Bxh6+ Ke7 28. Qg7+ Kd8 29. Bg5+ 1-0

[Event "*** Titled Tuesday Blitz"]
[Site "Chess.com"]
[Date "2020.11.24"]
[Round "7"]
[White "RaneshRatnesan"]
[Black "03revilo"]
[Result "1-0"]
[WhiteElo "2134"]
[BlackElo "2321"]
[TimeControl "180+1"]
[EndTime "11:32:56 PST"]
[Termination "RaneshRatnesan won by checkmate"]

1. d4 d6 2. Nf3 Nf6 3. g3 Nbd7 4. c4 g6 5. Nc3 Bg7 6. Bg2 O-O 7. O-O Re8 8. e4 e5 9. h3 c6 10. Re1 exd4 11.
Nxd4 a6 12. Be3 Nc5 13. Qc2 Ne6 14. Rad1 Nxd4 15. Bxd4 Be6 16. c5 dxc5 17. Bxc5 Qa5 18. b4 Qc7 19. e5 Nd5 20. Bd6 Qc8 21. Nxd5 cxd5 22. Qxc8 Raxc8 23. Bxd5 Bxd5 24. Rxd5 Rc2 25. a4 Rc4 26. a5 Rc6 27. Red1 h5 28. Kg2 Rc4 29. Kf3 h4 30. g4 Rc3+ 31. R1d3 Rxd3+ 32. Rxd3 Bxe5 33. Re3 f6 34. Bxe5 fxe5 35. Ke4 Kf7 36. Kd5 Kf6 37. Rf3+ Kg5 38. Kd6 e4 39. Rf7 e3 40. f4+ Kh6 41. g5+ Kh5 42. Rh7# 1-0

[Event "*** Titled Tuesday Blitz"]
[Site "Chess.com"]
[Date "2020.11.24"]
[Round "7"]
[White "ShapkinAnatoliy"]
[Black "Aureliano-Buendia"]
[Result "1-0"]
[WhiteElo "2655"]
[BlackElo "2484"]
[TimeControl "180+1"]
[EndTime "11:33:01 PST"]
[Termination "ShapkinAnatoliy won by resignation"]

1. d4 d5 2. c4 e5 3. dxe5 d4 4.
Nf3 Nc6 5. a3 Be6 6. e4 dxe3 7.
Qxd8+ Rxd8 8. Bxe3 Nge7 9. Nc3 Nf5 10. Bg5 Be7 11. Bxe7 Kxe7 12. Rd1 Rxd1+ 13. Kxd1 Rd8+ 14. Kc1 Nfd4 15. Nxd4 Rxd4 16. b3 Nxe5 17. Be2 Nd3+ 18. Bxd3 Rxd3 19. Kc2 Bf5 20. Re1+ Kf6 21. Re2 Rg3+ 22.
Kd2 Rd3+ 23. Kc2 Rg3+ 24. Kd2 Rxg2 25. Nd5+ Kg5 26. f4+ 1-0

[Event "*** Titled Tuesday Blitz"]
[Site "Chess.com"]
[Date "2020.11.24"]
[Round "7"]
[White "Mazetovic"]
[Black "Shankland"]
[Result "0-1"]
[WhiteElo "2769"]
[BlackElo "2907"]
[TimeControl "180+1"]
[EndTime "11:33:05 PST"]
[Termination "Shankland won by resignation"]

1. e4 c6 2. d4 d5 3. e5 Bf5 4. Nf3 e6 5. Be2 Ne7 6. a4 c5 7. c3 Nec6 8. O-O cxd4 9. Nxd4 Nxd4 10. Qxd4 Nc6 11. Bb5 Qc7 12. Nd2 Be7 13. Nf3 O-O 14. Qf4 Bg6 15. Be3 a6 16. Be2 Rfd8 17. b4 Bh5 18. g4 Bg6 19. a5 Rdc8 20. Bb6 Qb8 21.
Rfe1 Be4 22. Qg3 Bd8 23. Bd4 Bc7 24. Rac1 f6 25. Bb6 Bxb6 26. axb6 Bxf3 27. Bxf3 fxe5 28. c4 e4 29. Bg2 Qxg3 30. hxg3 Nxb4 0-1

[Event "*** Titled Tuesday Blitz"]
[Site "Chess.com"]
[Date "2020.11.24"]
[Round "7"]
[White "Margarita2907"]
[Black "kkpanu9"]
[Result "0-1"]
[WhiteElo "2222"]
[BlackElo "2069"]
[TimeControl "180+1"]
[EndTime "11:33:08 PST"]
[Termination "kkpanu9 won by checkmate"]

1. e4 c5 2. Nf3 d6 3. d4 cxd4 4. Nxd4 Nf6 5. Nc3 g6 6. Be3 Bg7 7. f3 O-O 8. Qd2 Nc6 9. Bc4 Bd7 10. h4 Rc8 11. Bb3 h5 12. O-O-O Ne5 13. Kb1 Nc4 14. Bxc4 Rxc4 15. Nb3 Qc7 16. Nd5 Nxd5 17. exd5 Bf5 18. Rc1 Rc8 19. Na1 Ra4 20. b3 Rxa2 21. Kxa2 Bc3 22.
Qd4 Bxd4 23. Bxd4 Qa5+ 24. Kb2 Qxd5 25. Rhd1 Qa5 26. c4 b5 27. c5 b4 28. cxd6 Qa3# 0-1

[Event "*** Titled Tuesday Blitz"]
[Site "Chess.com"]
[Date "2020.11.24"]
[Round "7"]
[White "enriquebutti"]
[Black "kinga2008"]
[Result "1-0"]
[WhiteElo "1973"]
[BlackElo "2167"]
[TimeControl "180+1"]
[EndTime "11:33:10 PST"]
[Termination "enriquebutti won by resignation"]

1. d4 c5 2. e3 cxd4 3. exd4 g6 4. Nf3 Bg7 5. Bd3 d6 6. c3 Nc6 7. O-O e5 8. Re1 Nge7 9. dxe5 dxe5 10. Na3 O-O 11.
Bc4 Bg4 12. Qxd8 Raxd8 13. Ng5 Nd5 14. h3 Be6 15. Nxe6 fxe6 16. Be3 a6 17. Rad1 Na5 18. Bxd5 exd5 19. Bb6 Nc6 20. Bxd8 Rxd8 21. Nc2 d4 22. cxd4 exd4 23. Re2 Kf7 24. Red2 Bh6 25. Rd3 Bg7 26. Rf3+ Ke6 27. Re1+ Ne5 28. Rb3 Kf5 29. Rxb7 Nd3 30. Rxg7 Nxe1 31. Nxe1 Re8 32. Nf3 d3 33. Rd7 Ke4 34.
Rd4+ 1-0

[Event "*** Titled Tuesday Blitz"]
[Site "Chess.com"]
[Date "2020.11.24"]
[Round "7"]
[White "queen_iryna"]
[Black "ExtremeLearner"]
[Result "1-0"]
[WhiteElo "2270"]
[BlackElo "2371"]
[TimeControl "180+1"]
[EndTime "11:33:11 PST"]
[Termination "queen_iryna won by resignation"]

1. e4 c6 2. d4 d5 3. Nc3 dxe4 4. Nxe4 Nf6 5. Nxf6+ exf6 6. c3 Bd6 7. Bd3 O-O 8. Be3 Re8 9. Qc2 h5 10. Ne2 Nd7 11. Ng3 h4 12. Nf5 Nf8 13. Nxh4 Bf4 14. O-O-O Bxe3+ 15. fxe3 Rxe3 16. Nf5 Re8 17. h4 Qa5 18. Kb1 Be6 19. b3 Rad8 20. h5 Rd5 21. Ne3 Rxh5 22. d5 Rxh1 23. Rxh1 Bxd5 24. Bh7+ Nxh7 25. Qxh7+ Kf8 26. Qh8+ Ke7 27. Nxd5+ Qxd5 28. Re1+ Kd6 29. Qxe8 Qd3+ 30. Kb2 Qd2+ 31. Ka3 Kc5 32. Qe3+ 1-0

[Event "*** Titled Tuesday Blitz"]
[Site "Chess.com"]
[Date "2020.11.24"]
[Round "7"]
[White "Witik"]
[Black "2346PL"]
[Result "1-0"]
[WhiteElo "2684"]
[BlackElo "2434"]
[TimeControl "180+1"]
[EndTime "11:33:12 PST"]
[Termination "Witik won by checkmate"]

1. e4 c5 2. d4 cxd4 3. c3 dxc3 4.
Nxc3 d6 5. Nf3 Nc6 6. Bc4 e6 7. O-O Be7 8. Qe2 Nf6 9. Rd1 Qa5 10. Nb5 O-O 11. Nxd6 Rd8 12. Bf4 e5 13. Nxf7 Rxd1+ 14.
Rxd1 exf4 15. e5 Kf8 16. exf6 Bxf6 17. Nd6 Bg4 18. h3 Bd7 19. Nxb7 Qc7 20. Nc5 Bf5 21. Ne6+ Bxe6 22. Qxe6 Re8 23. Qg8+ Ke7 24. Qf7# 1-0

[Event "*** Titled Tuesday Blitz"]
[Site "Chess.com"]
[Date "2020.11.24"]
[Round "7"]
[White "lacafi"]
[Black "WonderChampion"]
[Result "1-0"]
[WhiteElo "2204"]
[BlackElo "2034"]
[TimeControl "180+1"]
[EndTime "11:33:17 PST"]
[Termination "lacafi won by checkmate"]

1. d4 d5 2. Nf3 e6 3. e3 c5 4. c3 Nc6 5. Bd3 c4 6. Bc2 Nf6 7. Nbd2 Bd6 8. Qe2 O-O 9. O-O e5 10. e4 dxe4 11. Nxe4 Nxe4 12. Qxe4 g6 13. dxe5 Be7 14.
Qxc4 Be6 15. Qe2 Qc7 16. h3 Na5 17. Re1 Rfd8 18. Bg5 Bxg5 19. Nxg5 Bc4 20. Qg4 Rd2 21. Rac1 Rad8 22. Qh4 h5 23. e6 Bxe6 24. Nxe6 fxe6 25. Rxe6 Qc5 26. Rxg6+ Kf7 27. Qf6+ Ke8 28. Qe6+ Kf8 29.
Rg8# 1-0

[Event "*** Titled Tuesday Blitz"]
[Site "Chess.com"]
[Date "2020.11.24"]
[Round "7"]
[White "Aradej"]
[Black "ftorodent"]
[Result "1-0"]
[WhiteElo "2443"]
[BlackElo "2616"]
[TimeControl "180+1"]
[EndTime "11:33:19 PST"]
[Termination "Aradej won by resignation"]

1. d4 f5 2. Bf4 d6 3. e3 g6 4. h4 h6 5. Bc4 Nf6 6. Nf3 Bg7 7.
Nbd2 Nc6 8. c3 Nh5 9. Bh2 e5 10. dxe5 dxe5 11. Bb5 Qe7 12. Nc4 f4 13. Qa4 Bd7 14.
O-O-O a6 15. Rxd7 Qxd7 16. Nfxe5 Qe6 17. Nxc6 O-O 18. Nd4 Bxd4 19. Bd7 Qd5 20. cxd4 b5 21. Qc2 Qxc4 22. Qxc4+ bxc4 23. Be6+ Kg7 24. Bxc4 Rae8 25.
Re1 Rf6 26. e4 g5 27. hxg5 hxg5 28. f3 Rc6 29. b3 Ng3 30. Bg1 Rh8 31. d5 Rch6 32. Bd4+ Kf8 33. Bxh8 Rxh8 34. Rd1 Ke7 35. e5 a5 36. d6+ cxd6 37. exd6+ Kd8 38. Bb5 Rh6 39.
d7 Nf5 40. Rd5 Nd6 41. Ba4 Rg6 42. Re5 1-0

[Event "*** Titled Tuesday Blitz"]
[Site "Chess.com"]
[Date "2020.11.24"]
[Round "7"]
[White "SameerMujumdar"]
[Black "Ural_bogatyr"]
[Result "0-1"]
[WhiteElo "2301"]
[BlackElo "2411"]
[TimeControl "180+1"]
[EndTime "11:33:20 PST"]
[Termination "Ural_bogatyr won by resignation"]

1. e4 e5 2. f4 d5 3. exd5 exf4 4. Nf3 Nf6 5. d4 Nxd5 6. c4 Ne3 7.
Bxe3 fxe3 8. Bd3 Bg4 9. O-O Nc6 10. d5 Ne5 11. Be2 Bxf3 12. Bxf3 Nxc4 13. Qa4+ Qd7 14. Qxc4 Bd6 15. Nc3 O-O 16. Rae1 Rae8 17. Qh4 f5 18. Kh1 Rf6 19. Qd4 Rh6 20. h3 f4 21.
Ne4 Be5 22. Qc4 Kh8 23. Nc5 Qf5 24. Qe4 Rxh3+ 25. gxh3 Qxh3+ 26. Kg1 Qg3+ 27. Bg2 f3 28. Rxf3 Qxe1+ 29. Rf1 Qg3 30. Rf3 Qh2+ 31. Kf1 Qh5 32. Qxe3 Bd6 33. Ne6 Qxd5 34. Rf8+ Rxf8+ 35. Nxf8 Qf7+ 0-1

[Event "*** Titled Tuesday Blitz"]
[Site "Chess.com"]
[Date "2020.11.24"]
[Round "7"]
[White "Triumphmate"]
[Black "chessdjw"]
[Result "0-1"]
[WhiteElo "2429"]
[BlackElo "2651"]
[TimeControl "180+1"]
[EndTime "11:33:25 PST"]
[Termination "chessdjw won by resignation"]

1. e4 c5 2. Nf3 d6 3. d4 cxd4 4. Nxd4 Nf6 5. Nc3 a6 6. f4 e5 7. Nf3 Nbd7 8. Bd3 Be7 9. O-O b5 10.
a3 Bb7 11. Kh1 Rc8 12. Qe1 O-O 13. Bd2 Re8 14. fxe5 Nxe5 15. Nxe5 dxe5 16. Qg3 Qd6 17. Rf5 g6 18. Rf3 Nh5 19. Qf2 f6 20. Rf1 Qe6 21.
Kg1 Bc5 22. Be3 Bxe3 23. Qxe3 Nf4 24. g3 Nh3+ 25. Kg2 Rf8 26. Nd5 Bxd5 27. exd5 Qd7 28. Qh6 Ng5 29. Rxf6 Qxd5+ 30. Kg1 Rxf6 31. Rxf6 e4 32.
Be2 Qd4+ 33. Kg2 Qxf6 34. Qh4 Rxc2 35. Qg4 Qf3+ 36. Qxf3 exf3+ 0-1

[Event "*** Titled Tuesday Blitz"]
[Site "Chess.com"]
[Date "2020.11.24"]
[Round "7"]
[White "XDPS"]
[Black "IriBu"]
[Result "1-0"]
[WhiteElo "2700"]
[BlackElo "2506"]
[TimeControl "180+1"]
[EndTime "11:33:26 PST"]
[Termination "XDPS won by resignation"]

1. d4 Nf6 2. Bf4 e6 3. e3 d6 4. Nf3 b6 5. Be2 Bb7 6. O-O g6 7. h3 Bg7 8. Bh2 O-O 9. a4 a5 10. Nbd2 Nbd7 11. c3 Qe7 12. Qc2 e5 13. Rfd1 Nd5 14.
Bb5 c6 15. Bf1 f5 16. e4 Nf4 17. dxe5 dxe5 18. Nc4 Rad8 19. exf5 gxf5 20. Bxf4 exf4 21. Nxb6 Nxb6 22. Qb3+ Nd5 23. Re1 Qc7 24. Ng5 Bc8 25.
Bc4 h6 26. Ne6 Bxe6 27. Rxe6 Kh8 28. Rae1 Rd7 29. Qc2 Nb6 30. Bb3 c5 31. Qe2 c4 32.
Bc2 Nd5 33. Qh5 Re7 34. Bxf5 Rxe6 35. Rxe6 Qf7 36. Rxh6+ Bxh6 37. Qxh6+ Kg8 38. Be6 Nf6 39. Qg6+ 1-0

[Event "*** Titled Tuesday Blitz"]
[Site "Chess.com"]
[Date "2020.11.24"]
[Round "7"]
[White "GMaka"]
[Black "Korchmar_Vasiliy"]
[Result "0-1"]
[WhiteElo "2421"]
[BlackElo "2597"]
[TimeControl "180+1"]
[EndTime "11:33:27 PST"]
[Termination "Korchmar_Vasiliy won by resignation"]

1. d4 Nf6 2. Bg5 g6 3. Bxf6 exf6 4. e3 Bg7 5. g3 O-O 6. Bg2 d6 7. c4 f5 8. Nc3 Nd7 9. Nge2 Nf6 10. Nf4 h5 11. h4 Ng4 12. Qc2 c6 13. O-O-O a5 14. Kb1 a4 15. Rhe1 a3 16. b3 Qa5 17. f3 Nf6 18. e4 fxe4 19. fxe4 Bg4 20. Rd3 Rfe8 21.
Bf3 b5 22. Bxg4 Nxg4 23. cxb5 cxb5 24. Rc1 Rac8 25. Qd2 b4 26. Ncd5 Rxc1+ 27. Kxc1 Rxe4 28. Nxb4 Nf2 29. Qxf2 Qxb4 30. Qd2 Qb5 31. Ne2 Bh6 32.
Nf4 Re8 33. Kc2 Qf5 34. b4 Rc8+ 35. Kb3 Bxf4 36. gxf4 Qd5+ 37. Kxa3 Ra8+ 0-1

[Event "*** Titled Tuesday Blitz"]
[Site "Chess.com"]
[Date "2020.11.24"]
[Round "7"]
[White "Oglob71"]
[Black "ChronicUnhappiness"]
[Result "1-0"]
[WhiteElo "2403"]
[BlackElo "2360"]
[TimeControl "180+1"]
[EndTime "11:33:27 PST"]
[Termination "Oglob71 won on time"]

1. d4 d5 2. Nf3 Nf6 3. c4 e6 4. Qc2 Nbd7 5. Bg5 h6 6. Bh4 c6 7. e3 Be7 8. Nc3 O-O 9. cxd5 exd5 10. Bd3 Re8 11. h3 Ne4 12. Bxe7 Qxe7 13. Bxe4 dxe4 14.
Nd2 f5 15. Nc4 Nb6 16. Ne5 Be6 17. O-O Rad8 18. a4 Qf6 19. a5 Nc4 20. Nxc4 Bxc4 21. Rfc1 Bd3 22. Qb3+ Qf7 23. Qxf7+ Kxf7 24. b4 f4 25. Na4 Re7 26. Nc5 Bb5 27. Ra3 Rd5 28. Re1 h5 29. h4 Kf6 30. Kh2 Kf5 31. exf4 Rxd4 32. Rg3 Rxb4 33. Rg5+ Kxf4 34. Re3 1-0

[Event "*** Titled Tuesday Blitz"]
[Site "Chess.com"]
[Date "2020.11.24"]
[Round "7"]
[White "Grandmaster2B"]
[Black "Alexander_Kachko"]
[Result "0-1"]
[WhiteElo "2528"]
[BlackElo "2781"]
[TimeControl "180+1"]
[EndTime "11:33:29 PST"]
[Termination "Alexander_Kachko won by resignation"]

1. e4 Nc6 2. d4 e5 3. d5 Nce7 4.
Nc3 Ng6 5. g3 Bc5 6. Bg2 d6 7.
Nge2 a5 8. O-O N8e7 9. Be3 b6 10. Qd2 O-O 11. h4 h6 12. Kh2 f5 13. exf5 Nxf5 14. Bxc5 bxc5 15. Be4 Qf6 16. Bg2 Rb8 17. b3 Nd4 18. Nxd4 exd4 19. Ne4 Qf7 20. c3 dxc3 21.
Qxc3 Rb4 22. a3 Rd4 23. Rad1 Rxd1 24. Rxd1 Ne5 25. Qc2 Bg4 26. Rf1 Bf3 27. Nd2 Be2 28. Rg1 Qxf2 29. Kh1 Qxg3 30. Qe4 Ng4 31. Bf3 0-1

[Event "*** Titled Tuesday Blitz"]
[Site "Chess.com"]
[Date "2020.11.24"]
[Round "7"]
[White "DonPreuss"]
[Black "Forantes"]
[Result "0-1"]
[WhiteElo "2245"]
[BlackElo "2375"]
[TimeControl "180+1"]
[EndTime "11:33:32 PST"]
[Termination "Forantes won by checkmate"]

1. d4 Nf6 2. Nc3 d5 3. e4 Nxe4 4. Nxe4 dxe4 5. Bc4 g6 6. c3 Bg7 7. Ne2 O-O 8. Ng3 c5 9. d5 Nd7 10. Nxe4 Nb6 11. Qd3 Nxc4 12. Qxc4 b6 13. Bf4 a5 14. O-O-O Ba6 15. Qb3 Be2 16. Rd2 a4 17. Qc2 Bc4 18. b3 axb3 19. axb3 Ra1+ 20. Kb2 Rxh1 21. bxc4 Qa8 22.
Rd1 Rxd1 23. Qxd1 Qa6 24. Qb3 Ra8 25. Kc2 Qa1 26. Qxb6 Ra2+ 27. Kd3 Qf1+ 28. Ke3 Qe2# 0-1

[Event "*** Titled Tuesday Blitz"]
[Site "Chess.com"]
[Date "2020.11.24"]
[Round "7"]
[White "SergeyShtyka"]
[Black "Gabrielian_Artur"]
[Result "0-1"]
[WhiteElo "2404"]
[BlackElo "2768"]
[TimeControl "180+1"]
[EndTime "11:33:36 PST"]
[Termination "Gabrielian_Artur won on time"]

1. e4 c5 2. Nf3 d6 3. d4 cxd4 4. Nxd4 Nf6 5. Nc3 Nc6 6. Bc4 Qb6 7. Nb3 e6 8. Be3 Qc7 9. Bd3 Be7 10. O-O O-O 11. f4 b6 12. Qf3 Bb7 13. Rae1 Nb4 14. a3 Nxd3 15. cxd3 d5 16. Nd4 dxe4 17. dxe4 Rfd8 18.
Bf2 Rac8 19. Ndb5 Qb8 20. Qe2 a6 21. Nd4 Rxc3 22. bxc3 Nxe4 23. f5 e5 24. Nf3 Nxf2 25. Rxf2 Bxa3 26. Rff1 Bc5+ 27. Kh1 f6 28. Qc4+ Bd5 29.
Qxa6 Qc8 30. Qe2 Qxf5 31. c4 Bb7 32. Nh4 Qg5 33. Nf5 Rd2 0-1

[Event "*** Titled Tuesday Blitz"]
[Site "Chess.com"]
[Date "2020.11.24"]
[Round "7"]
[White "elamier"]
[Black "Vladislav_Chizhikov"]
[Result "0-1"]
[WhiteElo "2368"]
[BlackElo "2532"]
[TimeControl "180+1"]
[EndTime "11:33:40 PST"]
[Termination "Vladislav_Chizhikov won by resignation"]

1. e4 e6 2. d4 d5 3. Nd2 dxe4 4.
Nxe4 Nd7 5. g3 Ngf6 6. Nxf6+ Nxf6 7. Bg2 c5 8. Ne2 Qa5+ 9. c3 Qa6 10. O-O Bd7 11. Re1 Bc6 12. Bf1 Qb6 13. a3 O-O-O 14. b4 cxd4 15. cxd4 h5 16. Be3 Nd5 17. Qc1 Kb8 18. Nc3 h4 19. b5 Nxe3 20. fxe3 Bf3 21. Bg2 Bxg2 22. Kxg2 Bd6 23. Ne4 Qxb5 24. Nxd6 Rxd6 25. Qd1 hxg3 26. hxg3 Rc6 27. Ra2 Qd5+ 0-1

[Event "*** Titled Tuesday Blitz"]
[Site "Chess.com"]
[Date "2020.11.24"]
[Round "7"]
[White "CoachHakia"]
[Black "BlixLT"]
[Result "0-1"]
[WhiteElo "2169"]
[BlackElo "2351"]
[TimeControl "180+1"]
[EndTime "11:33:43 PST"]
[Termination "BlixLT won by checkmate"]

1. d4 d5 2. Nf3 Nc6 3. e3 Bg4 4. Nbd2 e5 5. dxe5 Nxe5 6. Be2 Ng6 7. O-O Nf6 8. b3 Bd6 9. Bb2 Qe7 10. c4 O-O-O 11. cxd5 Nxd5 12. Nc4 Bc5 13. Qe1 f6 14. Nd4 h5 15. Rc1 Kb8 16. a3 Nh4 17. b4 Bd6 18. Nxd6 Rxd6 19. Nb5 Rd7 20. Bd4 a6 21. Nc3 Re8 22.
Nxd5 Rxd5 23. b5 Bxe2 24. Qxe2 Rxd4 25. bxa6 Qe4 26. axb7 Qxg2# 0-1

[Event "*** Titled Tuesday Blitz"]
[Site "Chess.com"]
[Date "2020.11.24"]
[Round "7"]
[White "Nikolakis2014"]
[Black "PriSachu"]
[Result "1-0"]
[WhiteElo "2719"]
[BlackElo "2533"]
[TimeControl "180+1"]
[EndTime "11:33:44 PST"]
[Termination "Nikolakis2014 won by resignation"]

1. Nf3 Nf6 2. c4 g6 3. g3 Bg7 4. Bg2 O-O 5. O-O d6 6. d4 Nc6 7.
Nc3 e5 8. dxe5 dxe5 9. Bg5 Be6 10. Qc1 Qe8 11. b4 Nd7 12. Nd5 Rc8 13. e4 Nd4 14. Ne7+ Kh8 15. Nxd4 exd4 16. Nxc8 Qxc8 17. Rd1 c5 18.
Rb1 b6 19. Bh6 Ne5 20. Bxg7+ Kxg7 21. bxc5 bxc5 22. f4 Nxc4 23. f5 Ne3 24. fxe6 Nxd1 25.
e7 Re8 26. Qxd1 Rxe7 27. Qd3 Qe6 28. Rc1 Qxa2 29. Rxc5 Qa1+ 30. Bf1 Rb7 31. Rd5 Rb4 32. e5 Rb1 33. e6 fxe6 34. Rd7+ Kf6 35. Qf3+ 1-0